Map: Lerilak Crest

Players

Spooky

  • Race: Terran Terran

Shamanas - Winner!

  • Race: Terran Terran

VOD

Have the link to the VOD?

Description

Time

  • Played on: May 2, 2015, 1:23 a.m.
  • Length: 14:08
Show
View Real Time Build Order
Export as new Build Order

Spooky Terran 

Build Orders: Factory Expand, MMM Bio 

Get SALT Encoding   

  12  0:01  SCV  
  13  0:13  SCV  
  14  0:17  Supply Depot  
  14  0:25  SCV  
  15  0:38  Refinery  
  15  0:39  SCV  
  16  0:44  Barracks  
  16  0:51  SCV  
  17  1:03  SCV  
  18  1:15  SCV  
  19  1:31  Orbital Command  
  19  1:32  Supply Depot, Marine  
  20  1:49  Marine  
  20  1:51  Factory  
  21  1:57  SCV  
  22  2:07  Marine  
  23  2:15  Command Center  
  23  2:18  SCV  
  24  2:26  Refinery  
  24  2:27  Marine  
  25  2:30  SCV  
  25  2:36  Factory Tech Lab  
  26  2:37  Starport  
  26  2:43  SCV  
  27  2:49  Marine  
  28  2:55  Supply Depot  
  27  3:06  Cyclone  
  27  3:07  SCV  
  31  3:16  Marine  
  31  3:19  SCV  
  33  3:26  Barracks  
  33  3:29  Barracks  
  33  3:31  SCV  
  33  3:32  Orbital Command  
  34  3:50  Marine  
  34  3:53  SCV, Cyclone  
  39  3:59  SCV  
  39  4:01  Refinery  
  40  4:06  SCV  
  40  4:08  Marine  
  44  4:14  SCV  
  45  4:18  Barracks Tech Lab  
  45  4:20  SCV  
  46  4:25  Supply Depot  
  46  4:27  Cyclone  
  49  4:33  Medivac  
  49  4:34  SCV x2  
  51  4:38  Supply Depot  
  51  4:40  Stimpack  
  51  4:41  Marine x2  
  51  4:42  Marine  
  54  4:47  SCV x2  
  54  4:51  Supply Depot  
  56  4:59  SCV x2, Engineering Bay  
  58  5:03  Cyclone  
  61  5:10  Marine x2  
  61  5:11  Marine  
  64  5:18  Medivac  
  64  5:20  SCV  
  64  5:36  Marine x3  
  64  5:50  Siege Tank  
  64  5:51  SCV x2  
  69  6:02  Marine x2  
  69  6:03  Viking, Marine  
  74  6:04  SCV x2  
  75  6:20  Marine  
  75  6:21  Marine x2  
  78  6:27  Command Center  
  78  6:33  SCV x2, Cyclone, Supply Depot  
  78  6:34  Supply Depot  
  84  6:43  Marine  
  84  6:50  SCV x2  
  84  6:52  Barracks Reactor  
  86  6:54  Barracks  
  86  6:55  Barracks  
  86  6:57  Refinery, Barracks  
  86  7:02  SCV x2  
  86  7:07  Marine x2  
  86  7:08  Siege Tank  
  77  7:25  Marine x2  
  77  7:29  Marine x2  
  74  7:43  Marine x2  
  67  7:46  Siege Tank, Marine  
  67  7:47  Marine  
  65  7:57  SCV x2  
  57  7:58  Orbital Command  
  57  8:00  Marine  
  57  8:01  Marine  
  57  8:04  Marine x2  
  56  8:11  SCV x2  
  57  8:18  Missile Turret  
  57  8:19  Missile Turret  
  50  8:22  Marine x2  
  50  8:23  Marine  
  50  8:24  Barracks Reactor  
  50  8:25  Siege Tank  
  50  8:26  Barracks Reactor x2  
  55  8:27  Barracks Reactor  
  55  8:28  SCV x2  
  57  8:35  Orbital Command  
  57  8:37  Starport Reactor  
  57  8:40  SCV x2  
  59  8:46  Terran Infantry Weapons Level 1  
  59  8:49  Marine x3  
  59  8:52  SCV  
  59  8:53  SCV  
  64  8:57  Factory  
  64  9:02  Marine x2  
  65  9:03  Factory, Marine  
  65  9:04  SCV  
  65  9:05  SCV  
  65  9:08  SCV  
  70  9:14  Marine x2  
  70  9:17  SCV  
  73  9:19  SCV  
  73  9:20  SCV  
  75  9:24  Medivac  
  75  9:25  Medivac  
  75  9:31  Marine x6  
  79  9:37  SCV x2  
  87  9:39  Missile Turret  
  87  9:41  Marine x3  
  87  9:43  Marauder  
  91  9:45  SCV  
  91  9:49  SCV  
  91  9:52  Missile Turret  
  93  9:54  Missile Turret  
  89  10:03  Marine  
  89  10:04  Marine x10  
  94  10:13  Factory Tech Lab, Siege Tank  
  97  10:14  Factory Tech Lab  
  97  10:17  SCV  
  97  10:18  SCV  
  96  10:21  Marine x2  
  96  10:25  Marine x3  
  96  10:26  Marine x3  
  86  10:32  Marine x2  
  86  10:33  SCV, Siege Tank x2  
  89  10:40  Combat Shields  
  89  10:44  Terran Infantry Armor Level 1  
  88  10:54  Marine  
  88  10:55  Marine x6  
  88  10:56  Marauder  
  93  11:00  Siege Tank  
  93  11:01  SCV  
  95  11:05  Siege Tank  
  98  11:13  Marine  
  98  11:14  Marine x7  
  106  11:23  Siege Tank, Marine x3  
  106  11:24  Medivac  
  106  11:25  SCV x2  
  116  11:31  Marine  
  115  11:41  Marine x2  
  115  11:43  Marine  
  115  11:45  SCV  
  115  11:47  Marine  
  117  11:52  Marine x6  
  117  11:53  SCV, Siege Tank  
  109  11:54  Siege Tank  
  109  11:55  Medivac x2  
  109  11:56  SCV  
  109  11:57  SCV  
  117  12:11  Command Center  
  117  12:14  Supply Depot  
  117  12:15  Supply Depot  
  117  12:18  Marine x3  
  117  12:19  Marine x2  
  117  12:20  Marine  
  111  12:24  SCV x2  
  111  12:25  Medivac x2  
  111  12:29  Refinery  
  108  12:34  Refinery  
  108  12:48  Marine x5  
  108  12:49  Marine  
  108  12:50  Marine x4  
  108  12:51  Siege Tank  
  113  12:55  Medivac x2  
  113  12:57  Marine  
  107  13:04  Widow Mine  
  107  13:05  Siege Tank  
  104  13:06  Marine x3  
  104  13:10  Marine  
  104  13:11  Marine x5  
  113  13:23  Marauder  
  113  13:24  Siege Tank  
  113  13:25  Medivac  
  120  13:29  Orbital Command  
  120  13:30  Command Center  
  120  13:33  Siege Tank  
  123  13:36  Marine x10  
  133  13:41  Command Center  
  133  13:44  Marine  
Show
View Real Time Build Order
Export as new Build Order

Shamanas Terran - Winner!

Build Orders: Reaper Expand, Mech, Siege Tank Drop 

Get SALT Encoding   

  12  0:01  SCV  
  13  0:13  SCV  
  14  0:19  Supply Depot  
  14  0:26  SCV  
  15  0:40  SCV  
  16  0:43  Barracks  
  16  0:48  Refinery  
  16  0:52  SCV  
  17  1:04  SCV  
  18  1:18  SCV  
  19  1:31  Reaper, Orbital Command  
  20  1:44  Command Center  
  20  1:58  Supply Depot  
  20  1:59  SCV  
  21  2:03  Reaper  
  22  2:11  SCV  
  22  2:12  Refinery  
  23  2:24  SCV  
  24  2:31  Factory  
  24  2:36  SCV  
  25  2:40  Barracks Reactor  
  25  2:47  Supply Depot  
  25  2:48  SCV  
  26  2:56  Orbital Command  
  26  3:00  SCV  
  26  3:12  SCV  
  27  3:14  Factory Tech Lab  
  27  3:16  Marine  
  27  3:17  Marine  
  29  3:20  Command Center  
  29  3:26  SCV  
  30  3:31  SCV  
  31  3:34  Marine x2  
  31  3:37  Cyclone  
  31  3:38  SCV  
  37  3:43  SCV  
  37  3:50  SCV  
  37  3:52  Marine x2  
  37  3:55  SCV, Starport  
  41  4:02  SCV, Refinery x2  
  42  4:07  SCV  
  43  4:10  Marine x2  
  43  4:11  Supply Depot  
  43  4:15  Siege Tank  
  48  4:17  SCV  
  48  4:22  SCV  
  50  4:29  SCV  
  50  4:30  Marine x2  
  53  4:32  Medivac  
  53  4:34  Orbital Command  
  53  4:36  SCV  
  56  4:41  SCV  
  57  4:47  Siege Tank  
  57  4:48  Marine x2  
  62  4:53  SCV  
  62  4:54  SCV  
  64  5:01  Missile Turret  
  64  5:02  Missile Turret  
  64  5:05  SCV  
  64  5:16  Marine x2  
  66  5:21  SCV  
  66  5:29  Orbital Command  
  66  5:30  SCV  
  64  5:37  Marine x2  
  64  5:38  Siege Tank  
  64  5:39  Starport Tech Lab  
  69  6:00  Marine x2  
  69  6:02  Banshee  
  74  6:16  SCV  
  74  6:17  SCV x2  
  77  6:26  Supply Depot  
  77  6:29  Refinery  
  77  6:30  Supply Depot  
  77  6:31  Refinery  
  77  6:32  Factory x2, Starport  
  77  6:36  Supply Depot  
  77  6:38  Supply Depot  
  77  6:48  SCV x2, Cloaking Field, Siege Tank, Marine x2  
  77  6:51  Banshee  
  61  7:19  Factory Reactor  
  61  7:21  Starport Reactor  
  61  7:22  Siege Tank  
  64  7:27  SCV x3  
  57  7:31  Hellion x2  
  55  7:44  SCV x3  
  56  7:54  Hellion x2  
  56  7:56  SCV x2  
  55  8:00  SCV  
  62  8:05  Hellion x2  
  62  8:06  Hellion  
  62  8:08  SCV  
  58  8:25  Banshee, Hellion x2  
  58  8:26  Viking x2  
  66  8:33  SCV x3  
  69  8:39  Armory  
  69  8:46  SCV x2  
  71  8:53  Siege Tank  
  71  8:54  Hellion x4  
  82  8:56  Viking x2  
  82  8:58  Infernal Pre-Igniter  
  86  9:06  SCV x3  
  86  9:08  Banshee  
  92  9:12  Factory, Missile Turret  
  92  9:13  Command Center, Starport  
  92  9:15  Hellion  
  92  9:17  Hellion x3  
  100  9:18  SCV  
  100  9:20  Refinery  
  100  9:23  Refinery  
  101  9:24  Supply Depot  
  101  9:25  Supply Depot x2  
  101  9:27  Supply Depot  
  101  9:29  Supply Depot  
  101  9:46  SCV x3, Viking, Siege Tank  
  101  9:47  Hellbat  
  101  9:48  Hellbat x3  
  101  9:52  Supply Depot  
  117  9:53  Supply Depot  
  117  9:54  Starport Tech Lab  
  117  9:55  Factory Tech Lab  
  117  9:58  SCV x3  
  90  10:11  Hellbat x4  
  94  10:14  SCV x2  
  94  10:15  SCV  
  94  10:17  Banshee, Siege Tank  
  94  10:18  Banshee, Viking x2  
  106  10:35  Siege Tank, Hellbat x4  
  117  10:40  SCV x4  
  117  10:42  Engineering Bay  
  119  10:52  SCV  
  119  10:55  Viking x2  
  106  11:01  Hellbat x4  
  111  11:12  Planetary Fortress  
  111  11:13  SCV x2  
  111  11:14  SCV  
  111  11:16  Terran Vehicle and Ship Weapons Level 1  
  114  11:19  Banshee, Siege Tank x2  
  123  11:25  SCV  
  123  11:28  Hellbat x2  
  123  11:29  Hellbat x2  
  132  11:48  SCV x3  
  132  11:52  Hellbat  
  132  11:53  Siege Tank, Hellbat x3  
  146  12:04  Supply Depot  
  146  12:05  Supply Depot  
  146  12:11  Command Center  
  146  12:13  Supply Depot x2  
  118  12:22  Missile Turret  
  118  12:23  Siege Tank, Missile Turret  
  118  12:24  Banshee, Hellbat x2  
  118  12:25  Banshee, Viking  
  118  12:27  Refinery  
  111  12:50  Hellbat x2  
  111  12:51  Hellion, Hellbat  
  106  12:59  Siege Tank x2  
  108  13:10  SCV x2, Starport x2  
  108  13:11  SCV, Starport x2  
  108  13:12  Starport, Fusion Core  
  111  13:16  Hellbat  
  111  13:17  Hellbat x2  
  117  13:32  Planetary Fortress, Sensor Tower  
  117  13:36  Hellion, Sensor Tower  
  117  13:42  Hellbat  
  117  13:43  Hellbat x4  
  117  13:47  Sensor Tower  
  127  13:48  Starport Tech Lab  
  127  13:49  Starport Tech Lab x2  
  127  13:50  Starport Reactor  
  127  13:52  Refinery  
Tags
 
Add a new tag
Caveats
  • Supply blocks, unpowered buildings, or Contaminate may cause inaccurate times.
  • Supply counts are checked every 10 seconds.